[Event "Early-Titled-Tuesday-Blitz-November-28-2023"]
[Site "Chess.com"]
[Date "2023.11.28"]
[Round "8"]
[White "Chessbard1972"]
[Black "stratacticos"]
[Result "1-0"]
[WhiteElo "2403"]
[BlackElo "1758"]
[TimeControl "180+1"]
[EndTime "9:33:28 PST"]
[Termination "Chessbard1972 won on time"]

1. e4 c5 2. Nf3 Nc6 3. Bb5 Qc7 4. Nc3 a6 5. Be2 e6 6. d4 cxd4 7. Nxd4 Nxd4 8. Qxd4 Ne7 9. O-O Nc6 10. Qd3 Be7 11.
a4 O-O 12. Kh1 d6 13. f4 Bd7 14. Qg3 Nd4 15. Bd3 b5 16. Be3 Nc6 17. axb5 Nb4 18.
bxa6 Nxd3 19. cxd3 Rfb8 20. Bd4 Bf8 21. Ra2 Bb5 22.
a7 Rb7 23. Nxb5 Rxb5 24. h3 e5 25. Be3 f6 26. Qf2 Qb7 27. Rc1 exf4 28. Bxf4 d5 29. e5 fxe5 30. Bxe5 Qf7 31. Qxf7+ Kxf7 32. Rc7+ Ke6 33. d4 Bd6 34. Ra6 1-0

[Event "Early-Titled-Tuesday-Blitz-November-28-2023"]
[Site "Chess.com"]
[Date "2023.11.28"]
[Round "8"]
[White "Oleksandr_Bortnyk"]
[Black "vovachesss"]
[Result "1-0"]
[WhiteElo "3062"]
[BlackElo "2856"]
[TimeControl "180+1"]
[EndTime "9:33:29 PST"]
[Termination "Oleksandr_Bortnyk won by resignation"]

1. d4 d5 2. Nc3 a6 3. e4 dxe4 4. Nxe4 Nf6 5. Nc3 Bf5 6. Nf3 e6 7. Bd3 Bg6 8. O-O Nbd7 9. h3 Bd6 10. Re1 O-O 11. Bg5 c5 12. Bxg6 hxg6 13. d5 exd5 14.
Nxd5 Qb8 15. Ne7+ Kh8 16. Qd3 Ne5 17. Nxe5 Bxe5 18. Qc4 Nh7 19. Qh4 Bxb2 20. Qxh7+ Kxh7 21. Re4 1-0

[Event "Early-Titled-Tuesday-Blitz-November-28-2023"]
[Site "Chess.com"]
[Date "2023.11.28"]
[Round "8"]
[White "Atousa1"]
[Black "DDTerziev04"]
[Result "1-0"]
[WhiteElo "2461"]
[BlackElo "2147"]
[TimeControl "180+1"]
[EndTime "9:33:29 PST"]
[Termination "Atousa1 won by resignation"]

1. e4 c5 2. Nf3 d6 3. d4 cxd4 4. Nxd4 Nf6 5. Nc3 a6 6. Bc4 e6 7. O-O Be7 8. Be3 O-O 9. h3 Qc7 10.
Bb3 Nbd7 11. Bxe6 fxe6 12. Nxe6 Qa5 13. Nxf8 Bxf8 14. Bd4 Qc7 15. Re1 Be7 16. Nd5 Nxd5 17. exd5 Ne5 18. f4 Ng6 19. Qh5 Bf6 20. Bxf6 gxf6 21. Re8+ Kg7 22. Rae1 Nxf4 23. R8e7+ 1-0

[Event "Early-Titled-Tuesday-Blitz-November-28-2023"]
[Site "Chess.com"]
[Date "2023.11.28"]
[Round "8"]
[White "MightyGMpretender"]
[Black "dropstoneDP"]
[Result "0-1"]
[WhiteElo "2817"]
[BlackElo "2965"]
[TimeControl "180+1"]
[EndTime "9:33:31 PST"]
[Termination "dropstoneDP won on time"]

1. Nf3 d5 2. e3 Nf6 3. c4 e6 4. b3 Be7 5. Bb2 O-O 6. Nc3 c5 7. cxd5 exd5 8. d4 Nc6 9. Be2 Ne4 10. O-O Bf6 11. Rc1 cxd4 12. Nxe4 dxe4 13. Nxd4 Nxd4 14.
Bxd4 Bxd4 15. Qxd4 Qxd4 16. exd4 Rd8 17. Rfd1 Be6 18.
f3 Bd5 19. fxe4 Bxe4 20. Kf2 Rd7 21. Bb5 Rd6 22. Rc7 Rad8 23. g3 Kf8 24. Bc4 Rf6+ 25.
Ke3 Re8 26. Kd2 Rf2+ 27. Kc3 b5 28. Rf1 Rc2+ 29. Kb4 bxc4 30. Rfxf7+ Kg8 31. Rxg7+ Kh8 32. bxc4 Rb8+ 33. Kc5 Bd3 34. Kd6 Rd8+ 35. Ke5 Re2+ 36. Kf6 Rf8+ 37. Kg5 Rf5+ 38. Kg4 Rxh2 39. Rg5 h5+ 0-1

[Event "Early-Titled-Tuesday-Blitz-November-28-2023"]
[Site "Chess.com"]
[Date "2023.11.28"]
[Round "8"]
[White "Mikhail_Golubev"]
[Black "cthulhuuu"]
[Result "1-0"]
[WhiteElo "2586"]
[BlackElo "2481"]
[TimeControl "180+1"]
[EndTime "9:33:31 PST"]
[Termination "Mikhail_Golubev won by resignation"]

1. e4 d6 2. d4 Nf6 3. Nc3 c6 4. f4 Qb6 5. Nf3 Bg4 6. a3 e5 7. Be3 Bxf3 8. gxf3 Nbd7 9. Qd2 Qxb2 10. Ra2 Qb6 11. dxe5 Qd8 12. exf6 Qxf6 13. Bd4 Qh4+ 14. Bf2 Qh6 15. Rb2 b5 16. a4 a6 17. h4 Be7 18.
Bh3 Nb6 19. Bxb6 Bxh4+ 20. Bf2 Bxf2+ 21. Kxf2 O-O 22. Rbb1 Qh4+ 23. Kg2 d5 24. Bf5 1-0

[Event "Early-Titled-Tuesday-Blitz-November-28-2023"]
[Site "Chess.com"]
[Date "2023.11.28"]
[Round "8"]
[White "Aradhya2000"]
[Black "FairChess_on_YouTube"]
[Result "0-1"]
[WhiteElo "2718"]
[BlackElo "3075"]
[TimeControl "180+1"]
[EndTime "9:33:32 PST"]
[Termination "FairChess_on_YouTube won by resignation"]

1. d4 Nf6 2. c4 e6 3. Nf3 a6 4.
Nc3 d5 5. cxd5 exd5 6. Qb3 Be7 7. Bf4 O-O 8. e3 Re8 9. Rc1 c6 10. Bxb8 Rxb8 11. Bxa6 Bd6 12. Be2 Bg4 13. O-O h5 14. Qc2 Qd7 15. Rfe1 Re7 16. Na4 Rbe8 17. Nc5 Qc8 18. Nd3 Bf5 19. Qb3 Qb8 20. Nc5 Ng4 21. h3 Bh2+ 22. Kf1 Nxf2 23. Kxf2 Qg3+ 24. Kf1 Bxh3 25.
gxh3 Qxh3+ 26. Kf2 Qg3+ 27. Kf1 Rxe3 28. Qxe3 Qh3+ 29.
Kf2 Bg3+ 30. Kg1 Rxe3 31. Bf1 Bf2+ 32. Kxf2 Qxf3+ 33. Kg1 Qg3+ 34. Kh1 Rxe1 35. Rxe1 Qxe1 36. Kg2 Qd2+ 37. Kf3 Qxb2 38. Ke3 Qxa2 39. Bd3 Qb2 40. Nd7 b6 41. Ne5 c5 42. Nf3 c4 43. Bf5 Qc1+ 44.
Ke2 b5 0-1

[Event "Early-Titled-Tuesday-Blitz-November-28-2023"]
[Site "Chess.com"]
[Date "2023.11.28"]
[Round "8"]
[White "PawnEatingZombie"]
[Black "queen_iryna"]
[Result "0-1"]
[WhiteElo "2174"]
[BlackElo "2301"]
[TimeControl "180+1"]
[EndTime "9:33:35 PST"]
[Termination "queen_iryna won by resignation"]

1. e4 d6 2. d4 Nf6 3. Bd3 e5 4. c3 Nbd7 5. Nf3 Be7 6. O-O O-O 7.
Re1 c6 8. Nbd2 Qc7 9. a4 Re8 10.
dxe5 dxe5 11. Nc4 a5 12. h3 h6 13. Qc2 Nf8 14. Bf1 Ng6 15. Kh2 Be6 16. b3 b5 17. Ne3 Nf4 18. g3 Ng6 19. axb5 cxb5 20. Bxb5 Rec8 21. Bc4 Bxc4 22. Nxc4 a4 23. Nfd2 axb3 24.
Qb1 Rxa1 25. Qxa1 Qc5 26. Kg2 Nh5 27. Qb2 Nhf4+ 28. gxf4 Nxf4+ 29. Kf1 Nd3 30. Nxb3 Qxc4 31. Re2 Nxb2 0-1

[Event "Early-Titled-Tuesday-Blitz-November-28-2023"]
[Site "Chess.com"]
[Date "2023.11.28"]
[Round "8"]
[White "Casper"]
[Black "elmusmolamas"]
[Result "1-0"]
[WhiteElo "2426"]
[BlackElo "2572"]
[TimeControl "180+1"]
[EndTime "9:33:36 PST"]
[Termination "Casper won by resignation"]

1. d4 c5 2. Nf3 cxd4 3. Nxd4 e5 4. Nf3 Nc6 5. e4 Nf6 6. Bc4 Bb4+ 7. c3 Ba5 8. O-O O-O 9. Bg5 d6 10. a4 Be6 11.
Bxe6 fxe6 12. b4 Bc7 13. Qb3 Qd7 14. a5 Nxe4 15. Nbd2 Nxg5 16. Nxg5 Rae8 17. Qc2 Rf5 18. Nxh7 Qf7 19. Nf3 Qg6 20. Nh4 Qxh7 21. Nxf5 Qxf5 22. Qa4 a6 23. b5 axb5 24. Qxb5 Nxa5 25. Qxe8+ Kh7 26.
Ra4 e4 27. f3 Bb6+ 28. Kh1 Qb5 29. Qxb5 1-0

[Event "Early-Titled-Tuesday-Blitz-November-28-2023"]
[Site "Chess.com"]
[Date "2023.11.28"]
[Round "8"]
[White "NowInChess"]
[Black "ural58"]
[Result "0-1"]
[WhiteElo "2189"]
[BlackElo "2466"]
[TimeControl "180+1"]
[EndTime "9:33:36 PST"]
[Termination "ural58 won on time"]

1. e4 d5 2. exd5 Qxd5 3. Nc3 Qa5 4. d4 Nf6 5. Bc4 Nc6 6. d5 Nb4 7. a3 c6 8. axb4 Qxa1 9. dxc6 bxc6 10. Nf3 e6 11.
Na2 a5 12. b5 cxb5 13. Bxb5+ Bd7 14. Bxd7+ Nxd7 15. Nc3 Bb4 16. O-O Bxc3 17. bxc3 Qxc3 18. Qd6 Qc5 19. Qg3 O-O 20. Bh6 Qc3 21. Rd1 Rfd8 22. h4 Nf8 23. Rxd8 Rxd8 24. h5 Rd5 25. Be3 Rxh5 26.
Bc1 Qxc2 27. Qf4 Qd1+ 0-1

[Event "Early-Titled-Tuesday-Blitz-November-28-2023"]
[Site "Chess.com"]
[Date "2023.11.28"]
[Round "8"]
[White "GMKrikor"]
[Black "deribas12345"]
[Result "1-0"]
[WhiteElo "2779"]
[BlackElo "2549"]
[TimeControl "180+1"]
[EndTime "9:33:37 PST"]
[Termination "GMKrikor won by resignation"]

1. Nf3 c5 2. c4 Nf6 3. Nc3 g6 4. e4 d6 5. d4 cxd4 6. Nxd4 Nc6 7. Be2 Nxd4 8. Qxd4 Bg7 9. Bg5 O-O 10. Qe3 Ng4 11. Qd2 h6 12. Bf4 g5 13. Bg3 Qa5 14. h4 gxh4 15. Rxh4 Ne5 16. Rxh6 Bxh6 17. Qxh6 Ng6 18.
O-O-O Be6 19. f4 Rfc8 20. f5 Bxf5 21. exf5 Qxf5 22. Bd3 Qg4 23. Bxg6 Qxg6 24. Qh4 Rc5 25. Nd5 e6 26. Ne7+ Kg7 27. Nxg6 1-0

[Event "Early-Titled-Tuesday-Blitz-November-28-2023"]
[Site "Chess.com"]
[Date "2023.11.28"]
[Round "8"]
[White "tacticthunder"]
[Black "MaxLeto"]
[Result "1-0"]
[WhiteElo "2780"]
[BlackElo "2548"]
[TimeControl "180+1"]
[EndTime "9:33:38 PST"]
[Termination "tacticthunder won on time"]

1. e4 c5 2. Nf3 d6 3. d4 cxd4 4. Nxd4 Nf6 5. Nc3 a6 6. h3 e6 7. g4 Qc7 8. Bg2 Nfd7 9. O-O Be7 10. Re1 O-O 11. g5 b5 12. Nf5 Nb6 13. Nxe7+ Qxe7 14.
a4 Nxa4 15. Nxa4 bxa4 16. Rxa4 Bb7 17. h4 Nd7 18. Rd4 Ne5 19. h5 Rfd8 20. f4 Nc6 21. Rd2 e5 22. f5 Qxg5 23. Rd3 Qf6 24. h6 gxh6 25. Rh3 Kh8 26. Rxh6 Qg7 27. f6 Qg3 28.
Re3 Qg8 29. Reh3 Bc8 30. Rxh7+ Qxh7 31. Rxh7+ Kxh7 32. Qh5+ 1-0

[Event "Early-Titled-Tuesday-Blitz-November-28-2023"]
[Site "Chess.com"]
[Date "2023.11.28"]
[Round "8"]
[White "AccioChess"]
[Black "bubeliang"]
[Result "0-1"]
[WhiteElo "2492"]
[BlackElo "2646"]
[TimeControl "180+1"]
[EndTime "9:33:39 PST"]
[Termination "bubeliang won by resignation"]

1. d4 e5 2. dxe5 Nc6 3. Nf3 Qe7 4. Nc3 Nxe5 5. Nd5 Nxf3+ 6. gxf3 Qc5 7. Be3 Qc6 8. Bf4 d6 9. e4 a6 10. c4 Be6 11. Qd2 Nf6 12. Nxf6+ gxf6 13. Qd4 O-O-O 14. Rg1 Be7 15. b4 Qa4 16. Qb2 Rhg8 17. Rg3 f5 18. Be2 Bh4 19. Rc1 Bxg3 20. hxg3 fxe4 21. fxe4 f5 22.
exf5 Bxf5 23. b5 Rde8 24. Kf1 axb5 25. Qf6 Bh3+ 26. Ke1 Qxa2 27. Be3 Rxe3 28. fxe3 Qa3 29. Kf2 Qxc1 30. cxb5 Qh1 31. Bf3 Qh2+ 0-1

[Event "Early-Titled-Tuesday-Blitz-November-28-2023"]
[Site "Chess.com"]
[Date "2023.11.28"]
[Round "8"]
[White "FMStan15"]
[Black "nindjaxx8"]
[Result "0-1"]
[WhiteElo "2071"]
[BlackElo "2452"]
[TimeControl "180+1"]
[EndTime "9:33:41 PST"]
[Termination "nindjaxx8 won by resignation"]

1. e4 e6 2. d4 d5 3. e5 c5 4. c3 Nc6 5. Nf3 Qb6 6. Bd3 Bd7 7.
dxc5 Bxc5 8. O-O a5 9. Nbd2 Nge7 10. Nb3 Ng6 11. Nxc5 Qxc5 12. Be3 Qe7 13. Bd4 O-O 14.
g3 Rfc8 15. h4 Nf8 16. h5 h6 17. Rc1 a4 18. Bb1 Na5 19. b3 axb3 20. axb3 Qa3 21.
Bc2 Nc6 22. Nh2 Nxd4 23. cxd4 Rc6 24. Qd3 Rac8 25. Ra1 Qb2 26. Ng4 Qxc2 27. Qe3 Qe4 28. Nxh6+ gxh6 29. Qxh6 Nh7 30. Rfe1 Qg4 31. Qe3 Ng5 0-1

[Event "Early-Titled-Tuesday-Blitz-November-28-2023"]
[Site "Chess.com"]
[Date "2023.11.28"]
[Round "8"]
[White "Zavgorodniy_Sergiy"]
[Black "Pingah9"]
[Result "1-0"]
[WhiteElo "2696"]
[BlackElo "2532"]
[TimeControl "180+1"]
[EndTime "9:33:45 PST"]
[Termination "Zavgorodniy_Sergiy won by resignation"]

1. e4 c5 2. Nf3 e6 3. d3 d5 4.
Nbd2 Nc6 5. g3 g6 6. Bg2 Bg7 7.
O-O Nge7 8. Re1 O-O 9. c3 b6 10. e5 a5 11. Nf1 h6 12. h4 Ba6 13. Bf4 Rc8 14. Qd2 Kh7 15. N1h2 d4 16. c4 b5 17. b3 Nf5 18. Ng4 a4 19. h5 gxh5 20. Nf6+ Bxf6 21. exf6 Qxf6 22. Ne5 Nxe5 23. Rxe5 b4 24. Be4 Rg8 25. Kg2 h4 26. Rh1 Rg6 27. Qe2 hxg3 28. fxg3 Nh4+ 29.
Rxh4 1-0

[Event "Early-Titled-Tuesday-Blitz-November-28-2023"]
[Site "Chess.com"]
[Date "2023.11.28"]
[Round "8"]
[White "AnaKuchava"]
[Black "FMOlexandrProhorov"]
[Result "0-1"]
[WhiteElo "2212"]
[BlackElo "2325"]
[TimeControl "180+1"]
[EndTime "9:33:46 PST"]
[Termination "FMOlexandrProhorov won on time"]

1. d4 Nc6 2. Nf3 d6 3. c4 Bg4 4. Nc3 e5 5. d5 Nce7 6. e4 g6 7. h3 Bd7 8. Be3 f5 9. exf5 gxf5 10. Ng5 Ng6 11. Ne6 Bxe6 12. dxe6 c6 13. Qb3 Qc7 14. Bd3 f4 15. Bd2 Nf6 16. O-O-O Be7 17. Kb1 O-O-O 18. Rc1 Kb8 19. f3 Rhg8 20. Rhg1 Nh4 21. Be1 Nxg2 22.
Bf2 Ne3 23. Bxe3 fxe3 24. Rce1 Nh5 25. Rg4 h6 26. Rxe3 Bg5 27. Re2 Rdf8 28. Be4 Nf4 0-1

[Event "Early-Titled-Tuesday-Blitz-November-28-2023"]
[Site "Chess.com"]
[Date "2023.11.28"]
[Round "8"]
[White "Kostukov_Alex"]
[Black "Shuvalov"]
[Result "0-1"]
[WhiteElo "2404"]
[BlackElo "2571"]
[TimeControl "180+1"]
[EndTime "9:33:47 PST"]
[Termination "Shuvalov won by resignation"]

1. g3 d5 2. Bg2 Nf6 3. d3 e6 4. e4 Be7 5. e5 Nfd7 6. Nf3 c5 7. O-O Nc6 8. Re1 O-O 9. c4 Ndb8 10. Nc3 Nd4 11. cxd5 exd5 12. Nxd4 cxd4 13. Nxd5 Nc6 14. Nxe7+ Qxe7 15. f4 Bf5 16. a3 Rac8 17. b4 Qe6 18. Bf3 Qd7 19. Bb2 Rfd8 20. Qe2 a5 21. b5 Ne7 22. a4 Nd5 23. Rac1 Nc3 24. Qg2 Bxd3 25. Bxb7 Rc4 26. Bc6 Qc7 27. Bxc3 dxc3 28. Re3 c2 29.
Qf3 Qb6 30. Kg2 Rc3 31. Kf2 Qd4 32. b6 Qxb6 33. Bb5 Bxb5 34. axb5 Rd2+ 0-1

[Event "Early-Titled-Tuesday-Blitz-November-28-2023"]
[Site "Chess.com"]
[Date "2023.11.28"]
[Round "8"]
[White "MatthewG-p4p"]
[Black "Karateloru"]
[Result "1-0"]
[WhiteElo "2943"]
[BlackElo "2788"]
[TimeControl "180+1"]
[EndTime "9:33:53 PST"]
[Termination "MatthewG-p4p won by resignation"]

1. e4 e5 2. Nf3 Nc6 3. d4 exd4 4. Nxd4 Nf6 5. Nxc6 bxc6 6. e5 Qe7 7. Qe2 Nd5 8. h4 Bb7 9. c4 Nb6 10. Nc3 Qe6 11. Bd2 O-O-O 12. O-O-O Ba6 13. b3 Ba3+ 14. Kc2 Rhe8 15. f4 f6 16. Qf3 Bb7 17. Bd3 fxe5 18.
Rhe1 c5 19. Qg3 exf4 20. Bxf4 Qc6 21. Nb5 Qf6 22. Nxa3 d5 23. Bg5 1-0

[Event "Early-Titled-Tuesday-Blitz-November-28-2023"]
[Site "Chess.com"]
[Date "2023.11.28"]
[Round "8"]
[White "Felix-Rose"]
[Black "campochess"]
[Result "1-0"]
[WhiteElo "2337"]
[BlackElo "2222"]
[TimeControl "180+1"]
[EndTime "9:33:53 PST"]
[Termination "Felix-Rose won by resignation"]

1. e4 c5 2. Nf3 Nc6 3. d4 cxd4 4.
Nxd4 e5 5. Nb5 a6 6. Nd6+ Bxd6 7.
Qxd6 Qe7 8. Qd1 Nf6 9. Nc3 h6 10. Be3 d6 11. Be2 Be6 12. f3 Rd8 13. Nd5 Bxd5 14.
exd5 Nb8 15. a4 O-O 16. a5 Nbd7 17. c4 Rc8 18. O-O Nh7 19. b4 f5 20. Rc1 Kh8 21. Qd2 f4 22. Bf2 Rfd8 23. Rfd1 Nhf8 24. c5 Nf6 25. c6 bxc6 26. dxc6 d5 27. Bxa6 Ne6 28. Bxc8 Rxc8 29. b5 e4 30. fxe4 dxe4 31. Qd6 Qf7 32.
b6 e3 33. Be1 Ne4 34. Qd7 Qg8 35. c7 f3 36. gxf3 N4g5 37. Qxc8 Qxc8 38. b7 Nxf3+ 39. Kh1 Qxb7 40. c8=Q+ Qxc8 41. Rxc8+ Kh7 42. a6 e2 43. Ra1 Nf4 44. a7 Nd3 45. Bg3 h5 46. a8=Q h4 47. Qxf3 hxg3 48. Qxd3+ 1-0

[Event "Early-Titled-Tuesday-Blitz-November-28-2023"]
[Site "Chess.com"]
[Date "2023.11.28"]
[Round "8"]
[White "Vesper2018"]
[Black "ATM622"]
[Result "0-1"]
[WhiteElo "2601"]
[BlackElo "2479"]
[TimeControl "180+1"]
[EndTime "9:33:56 PST"]
[Termination "ATM622 won by checkmate"]

1. e4 c6 2. d4 d5 3. e5 Bf5 4. g4 Bg6 5. e6 fxe6 6. h4 h5 7. Bd3 Bxd3 8. Qxd3 hxg4 9. Ne2 Nf6 10.
Nbc3 Qa5 11. Qg6+ Kd7 12. Nf4 Rh6 13. Qf7 Ne4 14. Qxf8 Rf6 15. Qxg7 Nxc3 16. Bd2 Rxf4 17. Bxf4 Ne4+ 18. c3 Qb5 19. Bg5 Kc7 20. Qxe7+ Nd7 21. Bf4+ Kb6 22. Qxd7 Qxb2 23. O-O Nxc3 24. Kg2 Ka6 25.
Rfe1 Rf8 26. Be3 g3 27. Kxg3 Ne4+ 28. Kg4 Nf6+ 29. Kg5 Nxd7 30. h5 Qc2 31. h6 Rg8+ 32.
Kh4 Qe4+ 33. f4 Qg6 34. f5 Qg4# 0-1

[Event "Early-Titled-Tuesday-Blitz-November-28-2023"]
[Site "Chess.com"]
[Date "2023.11.28"]
[Round "8"]
[White "marvinguevara"]
[Black "DvaHrasta"]
[Result "0-1"]
[WhiteElo "2183"]
[BlackElo "2513"]
[TimeControl "180+1"]
[EndTime "9:33:56 PST"]
[Termination "DvaHrasta won by checkmate"]

1. e4 c6 2. d4 d5 3. e5 c5 4. dxc5 e6 5. Be3 Ne7 6. f4 Nf5 7. Bf2 g5 8. fxg5 Qxg5 9. Nf3 Qg6 10. c3 a5 11. b4 axb4 12. cxb4 b6 13. Bb5+ Bd7 14. Bxd7+ Nxd7 15. cxb6 Bxb4+ 16. Nbd2 Qxg2 17. Rg1 Bxd2+ 18. Kxd2 Qxf2+ 19. Kc1 Qxb6 20. Qd2 Ra3 21. Rb1 Qc5+ 22. Kd1 Rxf3 23. Re1 O-O 24. Rb7 Qc6 25.
Rxd7 Qxd7 26. Qg5+ Ng7 27. Rg1 f6 28. exf6 R8xf6 29. Qe5 Rf1+ 30. Rxf1 Rxf1+ 31. Kd2 Rf2+ 32. Ke1 Rxa2 33. h4 Nf5 34. h5 Qc6 35. Qb8+ Kf7 36. Qb1 Qc3+ 37. Kf1 Qf3+ 38. Ke1 Qe2# 0-1

[Event "Early-Titled-Tuesday-Blitz-November-28-2023"]
[Site "Chess.com"]
[Date "2023.11.28"]
[Round "8"]
[White "GHANDEEVAM2003"]
[Black "wonderfultime"]
[Result "1-0"]
[WhiteElo "3166"]
[BlackElo "3088"]
[TimeControl "180+1"]
[EndTime "9:33:58 PST"]
[Termination "GHANDEEVAM2003 won by resignation"]

1. c4 c6 2. d4 d5 3. cxd5 cxd5 4. Nf3 Nf6 5. Nc3 Nc6 6. Bf4 a6 7. e3 Bg4 8. h3 Bxf3 9. Qxf3 e6 10. Bd3 Bd6 11.
O-O Bxf4 12. Qxf4 O-O 13. a3 Rc8 14. Rac1 Qe7 15. b4 e5 16. dxe5 Nxe5 17. Qd4 g6 18. Rfd1 Rc6 19. b5 axb5 20. Bxb5 Rc5 21. Qb4 Qc7 22.
Nxd5 Rxc1 23. Nxc7 Rxd1+ 24. Kh2 Rc8 25. Qe7 Ned7 26.
Bc4 Rf8 27. Nb5 Nb6 28. Bb3 Nbd5 29. Qxb7 Rd2 30. Nd6 Nxe3 31. Bxf7+ Kh8 32. Qe7 Nf1+ 33.
Kg1 Rb8 1-0

[Event "Early-Titled-Tuesday-Blitz-November-28-2023"]
[Site "Chess.com"]
[Date "2023.11.28"]
[Round "8"]
[White "mishanick"]
[Black "IwkooO"]
[Result "1-0"]
[WhiteElo "3061"]
[BlackElo "2686"]
[TimeControl "180+1"]
[EndTime "9:33:58 PST"]
[Termination "mishanick won by checkmate"]

1. d4 Nf6 2. c4 e6 3. Nc3 Bb4 4. e3 O-O 5. Bd3 c5 6. Nf3 d5 7. cxd5 Nxd5 8. Bd2 Nc6 9. O-O cxd4 10. exd4 Nf6 11. Be3 b6 12. Ne4 h6 13. Nxf6+ Qxf6 14. Be4 Bd7 15. Qa4 b5 16. Qxb5 Rab8 17. Qa6 Rb6 18. Qe2 Rbb8 19. Rac1 Ne7 20. Ne5 Bb5 21. Bd3 Bxd3 22. Qxd3 Rfd8 23. Qe4 Bd6 24. Nc4 Nd5 25.
Rfd1 Qe7 26. b3 Rdc8 27. Qg4 Qc7 28. Bxh6 f5 29. Qg6 Bxh2+ 30. Kf1 Re8 31. g3 f4 32.
Nd6 Qd7 33. Nxe8 Rxe8 34. Bxg7 f3 35. Be5+ Kf8 36. Qh6+ Kf7 37. Qg7# 1-0

[Event "Early-Titled-Tuesday-Blitz-November-28-2023"]
[Site "Chess.com"]
[Date "2023.11.28"]
[Round "8"]
[White "LiemLe"]
[Black "Volodar_Murzin"]
[Result "1-0"]
[WhiteElo "3137"]
[BlackElo "2922"]
[TimeControl "180+1"]
[EndTime "9:33:59 PST"]
[Termination "LiemLe won by resignation"]

1. Nf3 d5 2. e3 g6 3. c4 c6 4. d4 Bg7 5. Nc3 Nf6 6. Be2 O-O 7. O-O Bg4 8. h3 Bxf3 9. Bxf3 e6 10. Qb3 Qb6 11.
Bd2 Nbd7 12. Rfd1 Ne8 13. Na4 Qxb3 14. axb3 f5 15. Rdc1 a6 16. b4 Nd6 17. b3 Ne4 18.
Be1 Kf7 19. Nc5 Ndxc5 20. bxc5 e5 21. cxd5 cxd5 22. dxe5 Bxe5 23. Ra2 Rac8 24. b4 Ke6 25. Rd1 Rfd8 26. Ra3 Rd7 27. Be2 Rdc7 28. f3 Ng3 29.
Bd3 f4 30. Bxg3 fxg3 31. f4 Bb2 32. Rb3 Bf6 33. Be2 a5 34. Bg4+ Ke7 35. Bxc8 1-0

[Event "Early-Titled-Tuesday-Blitz-November-28-2023"]
[Site "Chess.com"]
[Date "2023.11.28"]
[Round "8"]
[White "nuadvaga"]
[Black "Bodhanas"]
[Result "0-1"]
[WhiteElo "2262"]
[BlackElo "2212"]
[TimeControl "180+1"]
[EndTime "9:33:59 PST"]
[Termination "Bodhanas won by resignation"]

1. e4 e6 2. d4 d5 3. e5 c5 4. c3 Nc6 5. Nf3 cxd4 6. cxd4 a6 7.
a3 Nge7 8. b4 Nf5 9. Bb2 Be7 10.
Qd3 Bd7 11. Nbd2 h6 12. Rc1 Rc8 13. Nb3 Nh4 14. Nxh4 Bxh4 15. Be2 O-O 16. O-O Be7 17. f4 f5 18. exf6 Bxf6 19. Nc5 Qe7 20. Bf3 Rc7 21.
Rce1 Qd6 22. g3 a5 23. b5 Ne7 24. a4 Nf5 25. Ba3 Bxd4+ 26. Rf2 Bxc5 27. Bxc5 Qxc5 28. Kg2 b6 29. Rfe2 Rfc8 30. Bg4 Qc3 31. Bxf5 exf5 32. Qxd5+ Kh7 33. Re7 Qb2+ 34. R1e2 Rc2 35.
Rxc2 Rxc2+ 36. Kf3 Rf2+ 37. Ke3 Qe2+ 38. Kd4 Qxe7 0-1

[Event "Early-Titled-Tuesday-Blitz-November-28-2023"]
[Site "Chess.com"]
[Date "2023.11.28"]
[Round "8"]
[White "missponyo10"]
[Black "FischerKasparow"]
[Result "1-0"]
[WhiteElo "2208"]
[BlackElo "2084"]
[TimeControl "180+1"]
[EndTime "9:34:00 PST"]
[Termination "missponyo10 won on time"]

1. e4 c5 2. Nf3 d6 3. d4 Nf6 4.
Nc3 cxd4 5. Nxd4 a6 6. f4 e5 7. Nf3 Nbd7 8. a4 Be7 9. Bc4 O-O 10. O-O Qc7 11. Bb3 exf4 12. Bxf4 Ne5 13. Bg5 Bg4 14. Bxf6 Bxf6 15. Nd5 Qc5+ 16. Kh1 Bd8 17. Qe2 Kh8 18. Ne3 Nxf3 19. Nxg4 Nd4 20. Qe3 Nxb3 21. Qxb3 f6 22. Rad1 Be7 23. Qxb7 Rfe8 24. c3 Rab8 25. Qd7 Qg5 26. Rd5 Qh4 27. b4 Rbd8 28. Qf5 g6 29.
Qf3 Rf8 30. Ra5 Ra8 31. g3 Qh5 32. Rxh5 gxh5 33. Ne3 Rac8 34. Qxh5 1-0

[Event "Early-Titled-Tuesday-Blitz-November-28-2023"]
[Site "Chess.com"]
[Date "2023.11.28"]
[Round "8"]
[White "sumopork"]
[Black "Alexei_Gubajdullin"]
[Result "1-0"]
[WhiteElo "2826"]
[BlackElo "2672"]
[TimeControl "180+1"]
[EndTime "9:34:05 PST"]
[Termination "sumopork won by resignation"]

1. Nf3 Nf6 2. c4 g6 3. Nc3 Bg7 4.
e4 d6 5. d4 O-O 6. Be2 Na6 7.
O-O e5 8. Be3 c6 9. d5 Ng4 10.
Bg5 f6 11. Bh4 c5 12. Ne1 h5 13. Nd3 Nh6 14. f3 Nf7 15. a3 Bh6 16. Bf2 Bg5 17.
b4 b6 18. Qb1 h4 19. a4 cxb4 20. Nxb4 Nc5 21. Nc6 Qe8 22. a5 bxa5 23. Rxa5 Bd7 24. Nxa7 Qb8 25. Ra2 f5 26. Nab5 Rxa2 27. Qxa2 h3 28.
g3 Nh6 29. Qa7 Bxb5 30. Qxb8 Rxb8 31. Nxb5 fxe4 32. Nxd6 Nd3 33. Nxe4 Nxf2 34. Nxg5 e4 35. Kxf2 Rb2 36. Nxe4 Nf5 37. Rd1 1-0

[Event "Early-Titled-Tuesday-Blitz-November-28-2023"]
[Site "Chess.com"]
[Date "2023.11.28"]
[Round "8"]
[White "YouShallNotPass001"]
[Black "Chess4always"]
[Result "1-0"]
[WhiteElo "2452"]
[BlackElo "2067"]
[TimeControl "180+1"]
[EndTime "9:34:05 PST"]
[Termination "YouShallNotPass001 won by checkmate"]

1. Nf3 c6 2. g3 d5 3. Bg2 Nf6 4. O-O Bg4 5. c4 dxc4 6. Ne5 e6 7. Nxg4 Nxg4 8. a4 Nd7 9. Qc2 Nge5 10. f4 Bc5+ 11.
Kh1 Ng4 12. e3 h5 13. h3 h4 14. hxg4 hxg3+ 15. Kg1 Qh4 16. Rf3 e5 17. Qxc4 O-O-O 18. b4 exf4 19. bxc5 Ne5 20. Qxf4 Nxf3+ 21. Qxf3 f5 22.
gxf5 Rd5 23. Nc3 Rxc5 24. Ne4 Re5 25. Bb2 Rxe4 26. Qxe4 Qh2+ 27. Kf1 Rd8 28. Qe6+ Kb8 29. Be5+ Ka8 30. Rb1 Qh4 31. Rxb7 Kxb7 32. Qxc6# 1-0

[Event "Early-Titled-Tuesday-Blitz-November-28-2023"]
[Site "Chess.com"]
[Date "2023.11.28"]
[Round "8"]
[White "Firouzja2003"]
[Black "Hovik_Hayrapetyan"]
[Result "0-1"]
[WhiteElo "3038"]
[BlackElo "2819"]
[TimeControl "180+1"]
[EndTime "9:34:06 PST"]
[Termination "Hovik_Hayrapetyan won by checkmate"]

1. b4 e5 2. Bb2 Bxb4 3. Bxe5 Nf6 4. c4 O-O 5. e3 Re8 6. Nf3 Nc6 7. Bb2 d5 8. cxd5 Nxd5 9. Be2 Rxe3 10. fxe3 Nxe3 11. Qb3 Nxg2+ 12. Kf2 Be6 13. Bc4 Nf4 14. Bxe6 fxe6 15. d4 Qf6 16. Na3 Qf5 17. Rhg1 Nd3+ 18. Ke3 Qf4+ 19.
Kxd3 Qxf3+ 20. Kc2 Qf2+ 21. Kd3 Ne5+ 22. dxe5 Rd8+ 23.
Ke4 Qf5+ 24. Ke3 Bc5+ 25. Ke2 Qf2# 0-1

[Event "Early-Titled-Tuesday-Blitz-November-28-2023"]
[Site "Chess.com"]
[Date "2023.11.28"]
[Round "8"]
[White "mbojan"]
[Black "Ajedrez_con_German"]
[Result "1-0"]
[WhiteElo "2853"]
[BlackElo "2627"]
[TimeControl "180+1"]
[EndTime "9:34:07 PST"]
[Termination "mbojan won on time"]

1. e4 e6 2. d4 d5 3. Nc3 a6 4.
Bd3 dxe4 5. Nxe4 Nd7 6. Nf3 Ngf6 7. Bg5 h6 8. Nxf6+ Nxf6 9. Bh4 c5 10. c3 cxd4 11. Nxd4 Be7 12. O-O Nd5 13. Bg3 O-O 14. Qe2 Bd7 15. Rae1 Re8 16. Qe4 g6 17. Qg4 Bf6 18.
Qe2 Qb6 19. Bb1 Ne7 20. Rd1 Rad8 21. Qe3 Bg7 22. Rfe1 Qxb2 23. Be5 Bxe5 24. Qxe5 Nc6 25. Nxc6 Bxc6 26. Rxd8 Rxd8 27. Bxg6 fxg6 28. Qxe6+ 1-0